 Dungeon Crawl Stone Soup version 0.22-a0-425-g89d60a1 (webtiles) character file.

653 Firecrotchwizard the Sneak (level 7, -1/34 HPs)
             Began as a Vine Stalker Assassin on May 24, 2018.
             Succumbed to anubisbafoobis's ghost's poison
             ... on level 4 of the Dungeon.
             The game lasted 00:11:11 (3617 turns).

Firecrotchwizard the Sneak (Vine Stalker Assassin)  Turns: 3617, Time: 00:11:12

Health: -1/34      AC:  4    Str: 16    XL:     7   Next: 54%
Magic:  6/8        EV: 17    Int: 11    God:
Gold:   219        SH:  0    Dex: 15    Spells: 6/6 levels left

rFire    . . .     SeeInvis .   a - +2 dagger (venom)
rCold    . . .     Gourm    .   (no shield)
rNeg     + . .     Faith    .   t - +0 leather armour (curse)
rPois    .         Spirit   +   (no helmet)
rElec    .         Reflect  .   d - +0 cloak
rCorr    .         Harm     .   (no gloves)
MR       .....                  (no boots)
Stlth    +.........             (no amulet)
HPRegen  0.51/turn              p - +4 ring of evasion
MPRegen  0.11/turn              s - ring of positive energy {rN+}

@: confused, lethally poisoned (-1 -> -16)
A: fangs 2, regeneration 1, magic shield, antimagic bite, no potion heal 3, rot
immunity
a: no special abilities


You were on level 4 of the Dungeon.
You were not hungry.

You visited 1 branch of the dungeon, and saw 5 of its levels.

You collected 219 gold pieces.

Inventory:

Hand Weapons
 a - a +2 dagger of venom (weapon)
   (You found it on level 2 of the Dungeon)
 b - a +0 blowgun
 v - a +2 dagger
Missiles
 e - 8 poisoned needles
 f - 2 curare-tipped needles
Armour
 c - a +0 robe
 d - a +0 cloak (worn)
 t - a cursed +0 leather armour (worn)
   (You took it off a hobgoblin on level 2 of the Dungeon)
Jewellery
 p - a +4 ring of evasion (left hand)
   (You found it on level 1 of the Dungeon)
 s - a ring of positive energy (right hand) {rN+}
   (You took it off a kobold on level 2 of the Dungeon)
Scrolls
 h - a scroll of amnesia {unknown}
 i - 3 scrolls of teleportation {unknown}
 j - a scroll of enchant armour {unknown}
 k - 6 scrolls of identify {unknown}
 l - 2 scrolls of remove curse {unknown}
 n - a scroll of random uselessness {unknown}
 o - a scroll of enchant weapon {unknown}
 x - a scroll of fear {unknown}
 y - 2 scrolls of fog {unknown}
Potions
 m - a potion of ambrosia
 r - 2 potions of flight {unknown}
 u - a potion of invisibility {unknown}
 w - a potion of haste {unknown}
 z - a potion of cancellation {unknown}
 A - a potion of brilliance {unknown}
Comestibles
 g - 7 rations {@e1}


   Skills:
 - Level 1.7 Fighting
 * Level 5.4 Short Blades
 - Level 1.7 Throwing
 + Level 3.1 Dodging
 + Level 7.1 Stealth


You had 6 spell levels left.
You didn't know any spells.
Your spell library contained the following spells:

 Spells                   Type           Power        Failure   Level  Hunger
 Confuse                  Hex            #.......     78%         3    ####...
 Tukima's Dance           Hex            #.......     78%         3    ####...
 Ensorcelled Hibernation  Hex/Ice        #.....       54%         2    ###....
 Corona                   Hex            #......      41%         1    ##.....
 Dazzling Spray           Conj/Hex       #.....       78%         3    ####...


Dungeon Overview and Level Annotations

Branches:
Dungeon (5/15)
 Temple: D:4-7

Altars:
Fedhas

Annotations:
D:3 exclusion: oklob plant
D:4 exclusions: Menkaure and two-headed ogre, Edmund; Menkaure; anubisbafoobis's ghost, amateur NaFE


Innate Abilities, Weirdness & Mutations

You have extremely sharp teeth.
Your natural rate of healing is unusually fast.
When hurt, damage is shared between your health and your magic reserves.
Your bite disrupts and absorbs the magic of your enemies.
Potions cannot restore your health.
You are immune to rotting.


Message History

Anubisbafoobis's ghost hits you.
You are poisoned.
You take 3 damage, and have 31/34 hp.
You barely miss anubisbafoobis's ghost. You bite anubisbafoobis's ghost.
Anubisbafoobis's ghost's magic leaks into the air.
You drain its magic.
You feel sick. Anubisbafoobis's ghost misses you.
You hit anubisbafoobis's ghost but do no damage.
Your bite misses anubisbafoobis's ghost.
You hit anubisbafoobis's ghost. You bite anubisbafoobis's ghost.
Anubisbafoobis's ghost's magic leaks into the air.
You drain its magic.
Anubisbafoobis's ghost hits you but does no damage.
You are more poisoned.
You hit anubisbafoobis's ghost.
You feel sick. Anubisbafoobis's ghost misses you.
You take 1 damage, and have 31/34 hp.
You hit anubisbafoobis's ghost but do no damage.
You bite anubisbafoobis's ghost, but do no damage.
You feel sick.
Anubisbafoobis's ghost hits you but does no damage.
You take 1 damage, and have 30/34 hp.
You hit anubisbafoobis's ghost.
You closely miss anubisbafoobis's ghost.
Your bite misses anubisbafoobis's ghost.
You feel sick.
Anubisbafoobis's ghost hits you but does no damage.
You are more poisoned.
You take 1 damage, and have 30/34 hp.
You completely miss anubisbafoobis's ghost.
You bite anubisbafoobis's ghost.
Anubisbafoobis's ghost's magic leaks into the air.
You drain its magic.
You feel sick. Anubisbafoobis's ghost hits you.
You are more poisoned.
You take 3 damage, and have 27/34 hp.
You now have 7/8 mp.
You hit anubisbafoobis's ghost.
You bite anubisbafoobis's ghost, but do no damage.
You feel sick.
You hit anubisbafoobis's ghost.
You feel sick. Anubisbafoobis's ghost misses you.
You take 2 damage, and have 25/34 hp.
You hit anubisbafoobis's ghost.
Your bite misses anubisbafoobis's ghost.
You feel sick. Anubisbafoobis's ghost hits you.
You are lethally poisoned!
You take 4 damage, and have 21/34 hp.
You now have 5/8 mp.
You hit anubisbafoobis's ghost but do no damage.
You bite anubisbafoobis's ghost.
Anubisbafoobis's ghost's magic leaks into the air.
You drain its magic.
You feel invigorated.
You feel sick.
You take 2 damage, and have 19/34 hp.
You hit anubisbafoobis's ghost. You bite anubisbafoobis's ghost.
Anubisbafoobis's ghost's magic leaks into the air.
You drain its magic.
You feel invigorated.
You feel sick. Anubisbafoobis's ghost misses you.
You take 2 damage, and have 17/34 hp.
MP restored: 8 You hit anubisbafoobis's ghost but do no damage.
Your bite misses anubisbafoobis's ghost.
You feel sick. Anubisbafoobis's ghost misses you.
You take 1 damage, and have 16/34 hp.
You puncture anubisbafoobis's ghost!
Your bite misses anubisbafoobis's ghost.
You feel sick. Anubisbafoobis's ghost hits you.
You are more poisoned.
You take 2 damage, and have 14/34 hp.
You now have 7/8 mp.
It was a potion of ambrosia.
You are confused.
Your system rejects the healing.
You feel invigorated.
You feel very sick.
Anubisbafoobis's ghost hits you but does no damage.
You take 3 damage, and have 11/34 hp.
MP restored: 8 You hit anubisbafoobis's ghost but do no damage.
* * * LOW HITPOINT WARNING * * *
You feel sick.
You take 1 damage, and have 10/34 hp.
You hit anubisbafoobis's ghost.
You bite anubisbafoobis's ghost, but do no damage.
* * * LOW HITPOINT WARNING * * *
You feel very sick.
Anubisbafoobis's ghost falters for a moment.
You take 3 damage, and have 7/34 hp.
You barely miss anubisbafoobis's ghost.
Your bite misses anubisbafoobis's ghost.
* * * LOW HITPOINT WARNING * * *
You feel sick.
Anubisbafoobis's ghost barely misses you.
You closely miss anubisbafoobis's ghost.
You bite anubisbafoobis's ghost.
Anubisbafoobis's ghost's magic leaks into the air.
You drain its magic.
* * * LOW HITPOINT WARNING * * *
You feel sick.
Anubisbafoobis's ghost gestures at you while chanting.
The flame tongue hits you!
* * * LOW HITPOINT WARNING * * *
You take 6 damage, and have 1/34 hp.
You now have 4/8 mp.
You hit anubisbafoobis's ghost.
Your bite misses anubisbafoobis's ghost.
You die...

##.###########
...........W.#
>..#.#########@#
... #.# ... #.#
#.# ####.####
#.# #.......#
#.# #.##(##.#
##'## #.##.##.#
##...##
####.##.##.#
#.....##
#.......##.#


You could see anubisbafoobis's ghost.

Vanquished Creatures
  A sky beast (D:5)
  2 ogres
  The ghost of pubby the Insei, an amateur OpMo (D:3)
  A worker ant (D:4)
  Natasha (D:2)
  An iguana (D:4)
  17 adders
  2 worms (D:3)
  2 dart slugs
  5 leopard geckos
  3 giant cockroaches
  10 goblins
  15 hobgoblins
  2 jackals (D:3)
  7 ball pythons
  10 bats
  6 frilled lizards
  7 kobolds
  A leopard gecko skeleton (D:4)
  A quokka skeleton (D:4)
  11 rats
106 creatures vanquished.

Notes
Turn   | Place    | Note
-------+----------+-------------------------------------------
     0 | D:1      | Firecrotchwizard the Vine Stalker Assassin began the quest for the Orb.
     0 | D:1      | Reached XP level 1. HP: 11/11 MP: 2/2
   324 | D:1      | Reached skill level 2 in Short Blades
   350 | D:1      | Reached skill level 1 in Dodging
   350 | D:1      | Reached skill level 5 in Stealth
   350 | D:1      | Reached XP level 2. HP: 8/15 MP: 1/3
  1238 | D:2      | Reached XP level 3. HP: 18/18 MP: 4/4
  1450 | D:2      | Reached skill level 3 in Short Blades
  1450 | D:2      | Gained mutation: Your natural rate of healing is unusually fast. [Vine Stalker growth]
  1450 | D:2      | Reached XP level 4. HP: 23/23 MP: 5/5
  1595 | D:2      | Reached XP level 5. HP: 15/26 MP: 3/6
  1861 | D:2      | Noticed an ogre
  1899 | D:2      | Killed an ogre
  1899 | D:2      | Reached skill level 4 in Short Blades
  1899 | D:2      | Reached skill level 2 in Dodging
  1899 | D:2      | Reached skill level 6 in Stealth
  2054 | D:2      | Noticed Natasha
  2057 | D:2      | Reached XP level 6. HP: 28/30 MP: 5/7
  2066 | D:2      | Killed Natasha
  2380 | D:3      | Noticed pubby's ghost (amateur OpMo)
  2409 | D:3      | Killed pubby's ghost
  2939 | D:3      | Reached XP level 7. HP: 34/34 MP: 6/8
  2999 | D:3      | You fall through a shaft for 2 floors!
  2999 | D:5      | Entered Level 5 of the Dungeon
  3004 | D:5      | Reached skill level 5 in Short Blades
  3168 | D:4      | Reached skill level 3 in Dodging
  3176 | D:4      | Reached skill level 7 in Stealth
  3226 | D:4      | Noticed a two-headed ogre
  3265 | D:4      | Noticed Edmund
  3317 | D:3      | Found a blossoming altar of Fedhas.
  3335 | D:3      | Noticed an oklob plant
  3445 | D:4      | Noticed Menkaure
  3585 | D:4      | Noticed anubisbafoobis's ghost (amateur NaFE)
  3614 | D:4      | HP: 7/34 [poisoned by anubisbafoobis's ghost]
  3616 | D:4      | HP: 1/34 [anubisbafoobis's ghost/flame tongue (4)]
  3617 | D:4      | Succumbed to anubisbafoobis's ghost's poison

Vault maps used:
D:1:      nicolae_arrival_memento_mori, minmay_hexomino_p4
D:2:      wad_river_or_something, first_ration, minmay_snake_closets,
          uniq_natasha
D:3:      tgw_fedhas, grunt_decor_resistance, minmay_misc_feat_rows
D:4:      kennysheep_generic_room_13, uniq_edmund, uniq_menkaure
D:5:      kennysheep_slugbush, enter_ossuary_4, grunt_decor_mini_mirrors,
          lemuel_flame_loot_1

Skill      XL: |  1  2  3  4  5  6  7 |
---------------+----------------------+-----
Short Blades   | 2 3 4 5 |  5.4
Dodging        | 1 2 3 |  3.1
Stealth        | 5 6 7 |  7.1
Fighting       | |  1.7
Throwing       | |  1.7

Action                   |  1- 3 |  4- 6 |  7- 9 || total
-------------------------+-------+-------+-------++-------
Melee: Dagger            |    80 |   193 |    34 ||   307
       Bite              |    20 |    51 |    14 ||    85
 Fire: Blowgun           |       |     1 |     3 ||     4
  Use: Potion            |       |       |     1 ||     1
 Stab: Sleeping          |    12 |    14 |     3 ||    29
  Eat: Chunk             |     2 |     5 |       ||     7
       Ration            |       |       |     1 ||     1
Armor: Robe              |    10 |     9 |       ||    19
       Leather armour    |       |    23 |     4 ||    27
Dodge: Dodged            |    38 |   121 |    11 ||   170

Table legend:
 A = Spawn XP
 B = Non-spawn XP
 C = Spawn XP percentage of total XP
 D = Spawn monster count
 E = Non-spawn monster count
 F = Spawn count percentage of total count
 G = Total turns spent on level
                    A         B        C        D         E        F      G
               +---------+---------+-------+---------+---------+-------+---------
         Total |       0 |     933 |   0.0 |       0 |     106 |   0.0 |  3617
               +---------+---------+-------+---------+---------+-------+---------
           D:1 |       0 |      30 |   0.0 |       0 |      19 |   0.0 |  1150
           D:2 |       0 |     381 |   0.0 |       0 |      47 |   0.0 |  1179
           D:3 |       0 |     207 |   0.0 |       0 |      32 |   0.0 |   934
           D:4 |       0 |     188 |   0.0 |       0 |       7 |   0.0 |   273
           D:5 |       0 |     127 |   0.0 |       0 |       1 |   0.0 |    81
               +---------+---------+-------+---------+---------+-------+---------

Vault maps used:
D:1:      nicolae_arrival_memento_mori, minmay_hexomino_p4
D:2:      wad_river_or_something, first_ration, minmay_snake_closets,
          uniq_natasha
D:3:      tgw_fedhas, grunt_decor_resistance, minmay_misc_feat_rows
D:4:      kennysheep_generic_room_13, uniq_edmund, uniq_menkaure
D:5:      kennysheep_slugbush, enter_ossuary_4, grunt_decor_mini_mirrors,
          lemuel_flame_loot_1

Table legend:
 A = Turns spent in this place as a percentage of turns spent in the entire game.
 B = Non-inter-level travel turns spent in this place as a percentage of non-inter-level travel turns spent in the entire game.
 C = Inter-level travel turns spent in this place as a percentage of turns spent in this place.
 D = Turns resting spent in this place as a percentage of non-inter-level travel turns spent in this place.
 E = Turns spent auto-exploring this place as a percentage of non-inter-level travel turns spent in this place.
 F = Non-inter-level travel turns spent in this place divided by the number of levels of this place that you've seen.
                   A       B       C       D       E      F
               +-------+-------+-------+-------+-------+----------------------
         Total | 100.0 | 100.0 |   4.8 |  18.5 |  56.0 | 688.8
       Dungeon | 100.0 | 100.0 |   4.8 |  18.5 |  56.0 | 688.8
               +-------+-------+-------+-------+-------+----------------------

Table legend:
 A = Kills in this place as a percentage of kills in entire the game.
 B = Kills by you in this place as a percentage of kills by you in the entire game.
 C = Kills by friends in this place as a percentage of kills by friends in the entire game.
 D = Other kills in this place as a percentage of other kills in the entire game.
 E = Experience gained in this place as a percentage of experience gained in the entire game.
 F = Experience gained in this place divided by the number of levels of this place that you have seen.
                   A       B       C       D       E      F
               +-------+-------+-------+-------+-------+----------------------
         Total | 100.0 | 100.0 |   N/A |   N/A | 100.0 | 186.6
       Dungeon | 100.0 | 100.0 |   N/A |   N/A | 100.0 | 186.6
               +-------+-------+-------+-------+-------+----------------------
